AoeStats
← timmy_turner

Arabian Desert

510438354Analyzed
1v1 RM · 2d ago on Oct 1, 2026· 28m 11s· 2 players
Game mode
Random Map
Map size
Tiny (2 player)
Population
200
Speed
Normal
Resources
Standard
Victory
Conquest
Starting age
Dark Age
Ending age
Imperial Age
RankedLock teamsTeams togetherTeam positionsShared explorationLock speedFull tech treeHidden civsTurbo modeCheats
Victory
Defeat
🇺🇸 Khmer · United States
1624
+14
🇳🇿 Byzantines · New Zealand
1585
-14
NatheSpike
6:46 Loom
9:19 Feudal Age
9:50 Double-Bit Axe
16:58 Wheelbarrow
16:58 Fletching
17:25 Scale Barding Armor
17:59 Padded Archer Armor
20:21 Fletching
23:35 Horse Collar
28:14 Castle Age
timmy_turner
8:32 Feudal Age
7:57 Loom
9:08 Double-Bit Axe
14:17 Horse Collar
17:01 Fletching
21:53 Castle Age
21:29 Padded Archer Armor
22:02 Bloodlines
21:55 Crossbowman
22:35 Bodkin Arrow
23:07 Bow Saw
23:00 Heavy Plow
25:48 Scale Barding Armor
Connection lost

Rejoining the realm…

Still unreachable

The connection could not be restored.

Session expired

The server has moved on; the page needs a fresh start.